 Dungeon Crawl Stone Soup version 0.20-a0-32-gb8e7c72 (webtiles) character file.

41026 dvd the Geomancer (level 13, -1/118 HPs)
             Began as a Troll Earth Elementalist on Nov 8, 2016.
             Was a High Priest of Ashenzari.
             Shot with an arrow by Nessos (6 damage)
             ... on level 6 of the Lair of Beasts.
             The game lasted 01:20:05 (19734 turns).

dvd the Geomancer (Troll Earth Elementalist)       Turns: 19734, Time: 01:20:06

Health: -1/118     AC: 14    Str: 21    XL:     13   Next: 77%
Magic:  12/33      EV: 22    Int: 21    God:    Ashenzari [*****.]
Gold:   1292       SH:  0    Dex: 16    Spells: 6 memorised, 8 levels left

rFire  . . .     SeeInvis +     a - +9 quarterstaff of Pandemonium {freeze, Str+2 Int+2} (curse)
rCold  + + .     Gourm    +     E - +0 robe of Complete Protection {*Slow rC++ rN+} (curse)
rNeg   + . .     Faith    .     (shield currently unavailable)
rPois  .         Spirit   .     G - +2 hat (curse)
rElec  .         Reflect  .     w - +0 cloak {MR+} (curse)
rCorr  .         Harm     .     (gloves unavailable)
MR     +....     Clarity  +     (boots unavailable)
Stlth  +++++.....               (no amulet)
                                b - +5 ring of intelligence (curse)
                                D - ring of magical power (curse)

@: agile, icy armour, very slightly contaminated, slow
A: unfitting armour, claws 3, fast metabolism 3, gourmand, regeneration 1,
shaggy fur 1, tough skin 2
a: Curse Item, Scrying, Transfer Knowledge, Renounce Religion


You were on level 6 of the Lair of Beasts.
You worshipped Ashenzari.
Ashenzari was extremely pleased with you.
You were very full.

You visited 3 branches of the dungeon, and saw 18 of its levels.
You also visited: Sewer.

You collected 1292 gold pieces.

Inventory:

Hand Weapons
 a - the cursed +9 quarterstaff of Pandemonium (weapon) {freeze, Str+2 Int+2}
   (You took it off a gnoll on level 7 of the Dungeon)

   It has been specially enchanted to freeze those struck by it, causing extra
   injury to most foes and up to half again as much damage against particularly
   susceptible opponents.
   It can also slow down cold-blooded creatures.
   It affects your strength (+2).
   It affects your intelligence (+2).
   It has a curse placed upon it.
 M - the +8 halberd "Wiafom" {speed, Dex+4}
   (You found it on level 1 of the Lair of Beasts)

   Attacks with this weapon are significantly faster.
   It affects your dexterity (+4).
Missiles
 f - 10 javelins (quivered)
 v - 8 tomahawks
 H - 3 poisoned tomahawks
Armour
 w - a cursed +0 cloak of magic resistance (worn)
 E - the cursed +0 robe of Complete Protection (worn) {*Slow rC++ rN+}
   (You found it on level 7 of the Dungeon)

   It greatly protects you from cold.
   It protects you from negative energy.
   It may slow you when you take damage.
   It has a curse placed upon it.
 G - a cursed +2 hat (worn)
 J - a +2 robe of positive energy
Magical Staves
 i - an uncursed staff of energy
Jewellery
 b - a cursed +5 ring of intelligence (right claw)
 h - an uncursed ring of stealth
 D - a cursed ring of magical power (left claw)
 I - an uncursed amulet of faith
 K - an uncursed ring of fire
 L - an uncursed ring of positive energy
 U - an uncursed ring of positive energy
Wands
 c - a wand of paralysis (7/24)
 k - a wand of confusion (7/48)
 o - a wand of digging (9/24)
 z - a wand of confusion (26/48)
 A - a wand of paralysis (1/24)
 P - a wand of slowing (20/48)
 R - a wand of flame (18/48)
 T - a wand of iceblast (4/15)
Scrolls
 g - 6 scrolls of identify
 j - 3 scrolls of recharging
 n - 2 scrolls of amnesia
 r - 2 scrolls of magic mapping
 y - a scroll of fog
 Q - 2 scrolls of enchant weapon
Potions
 l - a potion of flight
 u - 3 potions of brilliance
Books
 e - a book of Geomancy

   Spells                             Type                      Level
   a - Sandblast                      Earth                        1
   b - Passwall                       Transmutation/Earth          2
   c - Stone Arrow                    Conjuration/Earth            3
   d - Petrify                        Transmutation/Earth          4
   e - Lee's Rapid Deconstruction     Earth                        5
 p - a book of Misfortune

   Spells                             Type                      Level
   a - Confusing Touch                Hexes                        1
   b - Confuse                        Hexes                        3
   c - Gell's Gravitas                Hexes/Translocation          3
   d - Petrify                        Transmutation/Earth          4
   e - Metabolic Englaciation         Hexes/Ice                    5
   f - Yara's Violent Unravelling     Hexes/Transmutation          5
 q - a book of Frost

   Spells                             Type                      Level
   a - Freeze                         Ice                          1
   b - Throw Frost                    Conjuration/Ice              2
   c - Ozocubu's Armour               Charms/Ice                   3
   d - Throw Icicle                   Conjuration/Ice              4
   e - Summon Ice Beast               Ice/Summoning                4
 S - a book of Necromancy

   Spells                             Type                      Level
   a - Pain                           Necromancy                   1
   b - Animate Skeleton               Necromancy                   1
   c - Vampiric Draining              Necromancy                   3
   d - Regeneration                   Charms/Necromancy            3
   e - Animate Dead                   Necromancy                   4
   f - Control Undead                 Necromancy                   4
 W - a book of Burglary

   Spells                             Type                      Level
   a - Swiftness                      Charms/Air                   2
   b - Passwall                       Transmutation/Earth          2
   c - Passage of Golubria            Translocation                4
   d - Lee's Rapid Deconstruction     Earth                        5
   e - Darkness                       Hexes                        6
   f - Invisibility                   Hexes                        6
Comestibles
 d - 13 bread rations
 m - 11 meat rations
 s - 4 beef jerkies
 t - 16 fruits
 V - a slice of pizza
 X - 6 chunks of flesh


   Skills:
 + Level 5.2 Fighting
 + Level 8.4(13.5) Staves
 + Level 3.8 Throwing
 + Level 6.0(10.1) Dodging
 + Level 4.4(8.2) Stealth
 + Level 5.4 Unarmed Combat
 + Level 8.0 Spellcasting
 + Level 3.3(5.6) Conjurations
 + Level 1.1(2.7) Hexes
 + Level 1.2(2.9) Charms
 + Level 2.0(4.0) Transmutations
 + Level 1.3(3.1) Ice Magic
 + Level 10.4(12.9) Earth Magic
 + Level 0.2(0.9) Evocations


You had 8 spell levels left.
You knew the following spells:

 Your Spells              Type           Power        Failure   Level  Hunger
a - Confuse               Hex            ###.....     10%         3    None
b - Stone Arrow           Conj/Erth      #####.       1%          3    None
c - Throw Frost           Conj/Ice       ####..       1%          2    None
d - Ozocubu's Armour      Chrm/Ice       ###.....     10%         3    None
e - Petrify               Tmut/Erth      #####...     2%          4    ###....
f - Lee's Rapid Deconstr  Erth           ######....   1%          5    #####..


Dungeon Overview and Level Annotations

Branches:
Dungeon (11/15)            Temple (1/1) D:5            Lair (6/6) D:8
  Swamp (0/4) Lair:4       Spider (0/4) Lair:4        Slime (0/5) Lair:6
    Orc (0/2) D:10

Altars:
Ashenzari
Cheibriados
Dithmenos
Elyvilon
Fedhas
Gozag
Hepliaklqana
Kikubaaqudgha
Makhleb
Nemelex Xobeh
Okawaru
Qazlal
Ru
Sif Muna
Trog
Uskayaw
Vehumet
Xom
Yredelemnul
Zin
The Shining One
Beogh
Jiyva

Annotations:
Lair:6 Nessos


Innate Abilities, Weirdness & Mutations

You are too large for most types of armour.
You have claws for hands.
Your metabolism is lightning-fast.
You like to eat raw meat.
Your natural rate of healing is unusually fast.
You are covered in fur. (AC +1)
You have very tough skin. (AC +2)


Message History

Okay, then.
Unknown command.
Blink to where?
Press: ? - help, Dir - move target cursor
As you read the scroll of blinking, it crumbles to dust.
Nessos wields an uncursed longbow of flaming.
It bursts into flame!
Nessos shoots an arrow.
The arrow hits your crocodile!! The arrow burns your crocodile.
Your crocodile dies!
Your crocodile's corpse dissolves into shadows!
Your spiny frog barely misses Nessos.
Your elephant tramples Nessos!
Nessos holds his ground!
Your elephant barely misses Nessos.
Blink to where?
Press: ? - help, Dir - move target cursor
As you read the scroll of blinking, it crumbles to dust.
Nessos shoots an arrow.
The arrow misses you.
Unknown command.
Nessos casts a spell.
The blink frog blinks!
Nessos shoots an arrow.
The arrow hits you.
You die...

* *#.<..#* ###*## #........#*
, * ####.##P####....⌠....# *
, ,* #†##.#†..##...##.##...#
, ,, ,,
§(......##..)##...##....#
,,,,, ##.#...##...##....#
#.......,,,,
####..##......#...###.......
##F(c.c..§.............+,,**
#.§#Y.Y..§⌠..@..⌠.....⌠#,*
##(+......÷............+,*
#######..........###...# ** *
##..#.#.#....###F###....##*
** *
..#..#..#....##..#.#.....# ,,
.........##...#####...#.....,
..........##....⌠....#......,
,,,
...........#........##......
,
............###.<..#........,


You could see Nessos, a blink frog and a friendly elephant.

Vanquished Creatures
  Rupert (Lair:3)
  Gastronok (Lair:1)
  The ghost of dvd the Impaler, a journeyman MfGl of Okawaru (Lair:3)
  Harold (Lair:3)
  6 hydras
  Sonja (Lair:3)
  Nergalle (Lair:3)
  Pikel (D:7)
  An ugly thing (D:11)
  A cyclops (D:11)
  8 black mambas
  2 gargoyles
  Joseph (D:8)
  6 spiny frogs
  2 rime drakes
  7 komodo dragons
  A hornet (D:10)
  A two-headed ogre (D:10)
  11 dream sheep
  5 hippogriffs
  13 blink frogs
  The ghost of Soeti the Sneak, an amateur OpEn (D:5)
  Sigmund (D:2)
  3 redbacks (Lair:4)
  32 yaks
  3 wyverns
  A steam dragon (D:8)
  7 basilisks
  A hungry ghost (D:11)
  Menkaure (D:4)
  4 insubstantial wisps (Lair:4)
  A soldier ant (D:11)
  9 water moccasins
  5 porcupines
  A hornet zombie (D:11)
  2 ice beasts
  5 sky beasts
  3 orc warriors
  3 phantoms
  2 black bears
  6 ogres
  A necrophage (D:8)
  2 centaurs
  3 wolves (Lair:2)
  16 crocodiles
  13 bullfrogs
  A big kobold (D:10)
  A gnoll sergeant (D:7)
  4 scorpions
  A wyvern skeleton (D:11)
  9 killer bees
  3 electric eels (D:10)
  2 howler monkeys
  A quasit (D:10)
  5 crimson imps
  4 jellies
  5 hounds
  4 orc priests
  3 centaur skeletons
  7 orc wizards
  2 bullfrog skeletons
  Ijyb (D:3)
  Terence (D:3)
  2 iguanas
  2 worker ants (D:5)
  2 hound skeletons
  A worker ant zombie (D:5)
  9 adders
  9 gnolls
  A river rat (D:6)
  4 shadow imps
  An ooze (D:2)
  2 adder skeletons
  3 worms
  5 dart slugs
  5 leopard geckos
  48 orcs
  2 ball pythons
  6 giant cockroaches
  5 goblins
  8 hobgoblins
  7 jackals
  8 kobolds
  4 quokkas
  15 bats
  4 frilled lizards (D:1)
  A quokka zombie (D:3)
  6 rats
  A fungus (Lair:3)
  A plant (Lair:5)
414 creatures vanquished.

Vanquished Creatures (collateral kills)
  2 blink frogs (Lair:6)
  A dream sheep (Lair:6)
3 creatures vanquished.

Vanquished Creatures (others)
  Psyche (D:8)
  A slave (D:8)
  An orc warrior (D:8)
  A bullfrog zombie (D:7)
  A worker ant (D:7)
  An orc (D:8)
  A giant cockroach (D:7)
  3 quokkas
  8 fungi
  3 plants (Lair:6)
21 creatures vanquished.

Grand Total: 438 creatures vanquished

Notes
Turn   | Place    | Note
-------+----------+-------------------------------------------
     0 | D:1      | dvd the Troll Earth Elementalist began the quest for the Orb.
     0 | D:1      | Reached XP level 1. HP: 16/16 MP: 1/1
    89 | D:1      | Reached skill level 3 in Earth Magic
    89 | D:1      | Reached XP level 2. HP: 16/24 MP: 3/3
   670 | D:2      | Reached XP level 3. HP: 29/31 MP: 4/4
  1002 | D:2      | Found a deep blue altar of Sif Muna.
  1095 | D:2      | Learned a level 3 spell: Stone Arrow
  1131 | D:2      | Reached skill level 1 in Unarmed Combat
  1435 | D:2      | Noticed Sigmund
  1442 | D:2      | Killed Sigmund
  1442 | D:2      | Reached skill level 4 in Earth Magic
  1442 | D:2      | Reached XP level 4. HP: 39/39 MP: 0/6
  1442 | D:2      | Reached XP level 5. HP: 45/45 MP: 0/7
  1512 | D:2      | Found a stormy altar of Qazlal.
  1742 | D:3      | Noticed Ijyb
  1753 | D:3      | Killed Ijyb
  1871 | D:3      | Reached XP level 6. HP: 49/54 MP: 4/9
  2033 | D:3      | Noticed Terence
  2049 | D:3      | Killed Terence
  2975 | D:4      | You fall through a shaft for 3 floors!
  3171 | D:6      | Noticed a sky beast
  3186 | D:6      | Killed a sky beast
  3186 | D:6      | Reached XP level 7. HP: 28/61 MP: 2/10
  3671 | D:6      | Found a glowing drain.
  3678 | Sewer    | Entered a sewer
  3910 | D:6      | Reached skill level 1 in Fighting
  3910 | D:6      | Reached skill level 5 in Earth Magic
  4284 | D:5      | Entered Level 5 of the Dungeon
  4384 | D:5      | Reached XP level 8. HP: 63/70 MP: 12/12
  4521 | D:5      | Noticed Soeti's ghost (amateur OpEn)
  4533 | D:5      | Noticed a hippogriff
  4861 | D:4      | Noticed Menkaure
  4864 | D:4      | Killed Menkaure
  4962 | D:5      | Killed a hippogriff
  5052 | D:5      | Found a staircase to the Ecumenical Temple.
  5061 | Temple   | Entered the Ecumenical Temple
  5244 | Temple   | Became a worshipper of Ru the Awakened
  5451 | D:5      | Killed Soeti's ghost
  5637 | D:5      | Reached skill level 6 in Earth Magic
  5756 | D:7      | Found a sacrificial altar of Ru.
  5827 | D:7      | Noticed Pikel
  6029 | D:7      | Reached XP level 9. HP: 66/79 MP: 11/14
  6186 | D:7      | Got a ripped robe
  6197 | D:7      | Identified the cursed +0 robe of Complete Protection {*Slow rC++ rN+} (You found it on level 7 of the Dungeon)
  6293 | D:7      | Killed Pikel
  6293 | D:7      | Reached skill level 5 in Unarmed Combat
  6293 | D:7      | Reached skill level 1 in Conjurations
  6492 | D:7      | Reached skill level 7 in Earth Magic
  6502 | D:7      | Got a jewelled quarterstaff {freeze}
  6503 | D:7      | Identified the +9 quarterstaff of Pandemonium {freeze, Str+2 Int+2} (You took it off a gnoll on level 7 of the Dungeon)
  6973 | Temple   | Fell from the grace of Ru
  6973 | Temple   | Became a worshipper of Ashenzari the Shackled
  7268 | D:8      | Reached skill level 1 in Staves
  7294 | D:8      | Reached skill level 5 in Spellcasting
  7414 | D:8      | Killed Psyche
  7425 | D:8      | Gained mutation: You are dopey. (Int -2) [potion of mutation]
  7425 | D:8      | Gained mutation: You are occasionally teleported next to monsters. [potion of mutation]
  7425 | D:8      | Gained mutation: Scrolls take you a little longer to read. [potion of mutation]
  7427 | D:8      | Lost mutation: You are dopey. (Int -2) [potion of cure mutation]
  7427 | D:8      | Lost mutation: Scrolls take you a little longer to read. [potion of cure mutation]
  7427 | D:8      | Lost mutation: You are occasionally teleported next to monsters. [potion of cure mutation]
  8021 | D:8      | Noticed Joseph
  8029 | D:8      | Killed Joseph
  8029 | D:8      | Reached XP level 10. HP: 49/87 MP: 1/16
  8104 | D:8      | Reached * piety under Ashenzari
  8125 | D:8      | Found a burning altar of Makhleb.
  8128 | D:8      | Found a bloodstained altar of Trog.
  8135 | D:8      | Found a shadowy altar of Dithmenos.
  8291 | D:8      | HP: 3/87 [orc warrior/dagger of distortion (28)]
  8332 | D:8      | Found a staircase to the Lair.
  8476 | D:8      | Learned a level 2 spell: Throw Frost
  8480 | D:8      | Learned a level 3 spell: Ozocubu's Armour
  8485 | D:8      | Learned a level 4 spell: Petrify
  8641 | D:8      | Found a roughly hewn altar of Beogh.
  8823 | Lair:1   | Entered Level 1 of the Lair of Beasts
  8827 | Lair:1   | Noticed a spiny frog
  8911 | D:8      | Learned a level 5 spell: Lee's Rapid Deconstruction
  9297 | D:8      | Killed a spiny frog
  9494 | D:8      | Reached skill level 1 in Transmutations
  9901 | Lair:1   | Noticed Gastronok
 10430 | D:9      | HP: 4/91 [yak (12)]
 10903 | D:9      | Reached ** piety under Ashenzari
 10978 | D:9      | Found a glowing silver altar of Zin.
 10980 | D:9      | Identified a scroll of acquirement
 11424 | D:10     | Entered Level 10 of the Dungeon
 11465 | D:10     | Noticed a hill giant
 11466 | D:10     | Noticed a gargoyle
 11768 | D:10     | Killed a gargoyle
 11768 | D:10     | Reached skill level 8 in Earth Magic
 11768 | D:10     | Reached XP level 11. HP: 97/97 MP: 4/18
 11901 | D:10     | Paralysed by a hornet for 1 turns
 11906 | D:10     | Reached skill level 5 in Staves
 12465 | D:10     | Found a staircase to the Orcish Mines.
 12780 | D:10     | Reached *** piety under Ashenzari
 12994 | D:11     | Noticed a purple ugly thing
 13001 | D:11     | Killed a purple ugly thing
 13001 | D:11     | Reached skill level 1 in Throwing
 13457 | D:11     | Learned a level 3 spell: Confuse
 14100 | Lair:1   | Identified the +8 halberd "Wiafom" {speed, Dex+4}
 14194 | Lair:1   | Reached **** piety under Ashenzari
 14277 | Lair:1   | Killed Gastronok
 14637 | Lair:2   | Reached XP level 12. HP: 107/107 MP: 19/20
 14946 | Lair:2   | Reached ***** piety under Ashenzari
 15087 | Lair:2   | Reached skill level 5 in Dodging
 15119 | Lair:2   | Noticed a six-headed hydra
 15132 | Lair:2   | Killed a six-headed hydra
 15620 | Lair:3   | Reached skill level 9 in Earth Magic
 15660 | Lair:3   | Noticed dvd's ghost (journeyman MfGl)
 15674 | Lair:3   | Killed dvd's ghost
 15940 | Lair:3   | Noticed Sonja
 15951 | Lair:3   | Killed Sonja
 16246 | Lair:3   | Noticed Harold
 16255 | Lair:3   | Killed Harold
 16255 | Lair:3   | Reached skill level 1 in Ice Magic
 16462 | Lair:3   | Noticed a four-headed hydra
 16467 | Lair:3   | Killed a four-headed hydra
 16504 | Lair:3   | Noticed Rupert
 16520 | Lair:3   | Killed Rupert
 16611 | Lair:3   | Noticed Nergalle
 16622 | Lair:3   | Killed Nergalle
 16862 | Lair:4   | Reached XP level 13. HP: 117/117 MP: 17/22
 16920 | Lair:4   | Found a staircase to the Swamp.
 17053 | Lair:4   | Reached skill level 1 in Hexes
 17102 | Lair:4   | Found a hole to the Spider Nest.
 18038 | Lair:5   | Reached skill level 1 in Charms
 18045 | Lair:5   | Reached skill level 10 in Earth Magic
 18173 | Lair:5   | Reached skill level 5 in Fighting
 19155 | Lair:6   | Entered Level 6 of the Lair of Beasts
 19172 | Lair:5   | HP: 1/118 [spiny frog (23)]
 19590 | Lair:6   | Found a staircase to the Slime Pits.
 19590 | Lair:6   | Found a viscous altar of Jiyva.
 19697 | Lair:6   | Noticed Nessos
 19728 | Lair:6   | HP: 3/118 [blink frog (13)]
 19734 | Lair:6   | Shot with an arrow by Nessos

Vault maps used:
D:1:      wheals_arrival_shading
D:2:      old_standard_altar, grunt_qazlal_clouds, uniq_sigmund
D:3:      minmay_misc_feat_four_crosses, uniq_terence, uniq_iyjb
D:4:      uniq_menkaure
D:5:      first_bread
D:6:      gup_sewer_entry_bubbles
D:7:      nicolae_ru_the_path_less_chosen, uniq_pikel
D:8:      minitemple, lair_0_dummy, special_room, uniq_joseph, uniq_psyche
D:9:      zin_academy
D:10:     orc_0_dummy
Temple:   regret_index_temple_sphere_string
Lair:1:   uniq_gastronok
Lair:2:   lemuel_fruit_tree
Lair:3:   grunt_megastairs_3, uniq_harold, uniq_rupert, uniq_sonja,
          uniq_nergalle
Lair:4:   minmay_swamp_entry_wisps, spider_nest_entry_a
Lair:5:   beast_lair_carwin_8
Lair:6:   due_jungle_book, slime_altar_1, grunt_forest_large_clearings,
          grunt_megastairs_5, uniq_nessos
Sewer:    sewer_big_baddie

Skill      XL: |  1  2  3  4  5  6  7  8  9 10 11 12 13 |
---------------+----------------------------------------+-----
Earth Magic    | 3 4 5 6 7 8 9 10 | 10.4
Unarmed Combat | 1 2 4 5 |  5.4
Spellcasting   | 2 3 4 5 6 7 8 |  8.0
Dodging        | 2 3 4 5 6 |  6.0
Fighting       | 1 2 3 4 5 |  5.2
Stealth        | 2 3 4 |  4.4
Conjurations   | 1 2 3 |  3.3
Staves         | 2 4 6 7 8 |  8.4
Transmutations | 1 2 |  2.0
Throwing       | 2 3 |  3.8
Ice Magic      | 1 |  1.3
Hexes          | 1 |  1.1
Charms         | 1 |  1.2
Evocations     | |  0.2

Action                   |  1- 3 |  4- 6 |  7- 9 | 10-12 | 13-15 || total
-------------------------+-------+-------+-------+-------+-------++-------
Melee: Unarmed           |    54 |    34 |   139 |       |       ||   227
       Punch             |       |       |     1 |       |       ||     1
       Quarterstaff      |       |       |    49 |   428 |   206 ||   683
Throw: Javelin           |       |       |       |    44 |     2 ||    46
       Large rock        |       |       |       |    28 |       ||    28
 Cast: Sandblast         |    53 |    59 |    79 |     2 |       ||   193
       Stone Arrow       |       |     3 |    28 |   127 |    39 ||   197
       Ozocubu's Armour  |       |       |       |    12 |    10 ||    22
       Petrify           |       |       |       |    18 |    15 ||    33
       Lee's Rapid Decon |       |       |       |    30 |    28 ||    58
       Confuse           |       |       |       |     3 |     2 ||     5
Invok: Curse Item        |       |       |     2 |       |     2 ||     4
Evoke: Wand              |       |       |       |     3 |       ||     3
  Use: Scroll            |       |     5 |     8 |    12 |     4 ||    29
       Potion            |       |       |    10 |    10 |     5 ||    25
 Stab: Sleeping          |     1 |     2 |     7 |     5 |       ||    15
       Petrified         |       |       |       |    14 |    11 ||    25
       Distracted        |       |       |       |       |     1 ||     1
       Confused          |       |       |       |       |     1 ||     1
       Petrifying        |       |       |       |       |     1 ||     1
  Eat: Chunk             |    15 |    20 |    36 |    89 |    40 ||   200
       Meat ration       |       |       |     1 |     1 |       ||     2
       Pizza             |       |       |     1 |       |     1 ||     2
       Royal jelly       |       |       |       |     1 |       ||     1
Armor: Robe              |    24 |    21 |    63 |   117 |    43 ||   268
Dodge: Dodged            |    43 |    34 |   102 |   257 |    94 ||   530
